 Dungeon Crawl Stone Soup version 0.22-a0-99-g1ac4c55 (webtiles) character file.

3836 solxrula the Basher (level 9, -4/88 HPs)
             Began as a Troll Berserker on Jan 25, 2018.
             Was an Elder of Trog.
             Slain by a dream sheep (9 damage)
             ... on level 8 of the Dungeon.
             The game lasted 00:32:32 (6349 turns).

solxrula the Basher (Troll Berserker)               Turns: 6349, Time: 00:32:33

Health: -4/88      AC: 11    Str: 30    XL:     9   Next: 98%
Magic:  8/8        EV: 15    Int:  3    God:    Trog [****..]
Gold:   382        SH:  3    Dex: 12    Spells: 8/8 levels left

rFire    + . .     SeeInvis .   a - +4 mace of Fighting Over It {crush, rF+ Dex+3}
rCold    . . .     Gourm    +   (no shield)
rNeg     . . .     Faith    .   o - +1 animal skin
rPois    +         Spirit   .   (helmet restricted)
rElec    .         Reflect  +   l - +2 cloak {rPois}
rCorr    .         Harm     .   (gloves unavailable)
MR       .....                  (boots unavailable)
Stlth    +.........             t - +3 amulet of reflection
HPRegen  0.64/turn              k - +5 ring of evasion
MPRegen  0.11/turn              r - +2 ring of protection

@: about to teleport, slowed, very slow
A: large, unfitting armour, claws 3, fast metabolism 3, gourmand, regeneration
1, shaggy fur 1, tough skin 2
a: Berserk, Trog's Hand, Brothers in Arms, Burn Spellbooks, Renounce Religion


You were on level 8 of the Dungeon.
You worshipped Trog.
Trog was greatly pleased with you.
You were very full.

You visited 1 branch of the dungeon, and saw 8 of its levels.

You collected 382 gold pieces.

Inventory:

Hand Weapons
 a - the +4 mace of Fighting Over It (weapon) {crush, rF+ Dex+3}
   (You found it on level 5 of the Dungeon)

   It inflicts extra damage upon your enemies.
   It affects your dexterity (+3).
   It protects you from fire.
 b - a +1 mace
Missiles
 d - 66 stones (quivered)
Armour
 l - a +2 cloak of poison resistance (worn)
 o - a +1 animal skin (worn)
Jewellery
 k - a +5 ring of evasion (left claw)
 q - an uncursed ring of protection from magic
 r - a +2 ring of protection (right claw)
 t - a +3 amulet of reflection (around neck)
Wands
 p - a wand of iceblast (4)
Scrolls
 c - 2 scrolls of enchant armour
 e - 6 scrolls of remove curse
 h - a scroll of teleportation
 m - a scroll of identify
 u - a scroll of enchant weapon
Potions
 f - a potion of ambrosia
 g - 2 potions of curing
 j - 5 potions of flight
 n - a potion of resistance
 s - a potion of brilliance
 w - a potion of magic
Comestibles
 i - 10 rations
 v - a chunk of flesh


   Skills:
 + Level 5.2 Fighting
 * Level 12.2 Maces & Flails
 - Level 2.4 Dodging


You had 8 spell levels left.
You didn't know any spells.

Dungeon Overview and Level Annotations

Branches:
Dungeon (8/15)             Temple (0/1) D:4
   Lair: D:8-11

Altars:
Ashenzari
Cheibriados
Elyvilon
Fedhas
Makhleb
Okawaru
Uskayaw
Wu Jian
Zin
The Shining One

Shops:
D:4 =   D:5 =


Innate Abilities, Weirdness & Mutations

You are too large for most types of armour.
You have claws for hands.
Your metabolism is lightning-fast.
You like to eat raw meat.
Your natural rate of healing is unusually fast.
You are covered in fur. (AC +1)
You have very tough skin. (AC +2)


Message History

2 yaks and 2 dream sheep come into view.
The dream sheep bleats!
The dream sheep ruffle their wool and motes of dream dust sparkle, to no effect.
Found 10 gold pieces.
The orc wizard shouts!
The orc wizard casts a spell at you. The magic dart hits you!
* * * LOW HITPOINT WARNING * * *
The orc wizard gestures at you while chanting.
The magic dart hits you!
* * * LOW HITPOINT WARNING * * *
As you read the scroll of teleportation, it crumbles to dust.
You feel strangely unstable.
The dream sheep shake their wool and sparkle.
You feel drowsy...
You fall asleep.
The orc wizard casts a spell at you. The magic dart hits you!
You wake up.
* * * LOW HITPOINT WARNING * * *
The dream sheep bites you!
You die...

#.....
#+###'''##
#.≈P.....#
#P≈≈...%.#
#≈≈P..P$.#
###
#P≈..Y..?#
#..
#PP≈YKY≈.#
....#
#####Y#####
# # #@o...#
###
#..#.#..$.
#>. #..#.#
#. ##..
...# #
##... .##.#
# #.... ♣♣
#.#
#.##.#..
#.#
#.......
♣♣.
#...K..#
###...#..#


You could see 2 yaks, a big kobold, 2 dream sheep and an orc wizard.

Vanquished Creatures
  A two-headed ogre (D:8)
  The ghost of dracfodder the Vexing, an amateur GnAM (D:3)
  Grinder (D:5)
  A hippogriff (D:7)
  2 sky beasts
  4 ogres
  A phantom (D:8)
  3 centaurs
  2 big kobolds (D:8)
  4 bullfrogs
  A water moccasin skeleton (D:7)
  6 killer bees (D:8)
  3 wights (D:7)
  2 electric eels (D:8)
  5 crimson imps
  2 hounds
  A bullfrog skeleton (D:4)
  6 orc priests
  Crazy Yiuf (D:4)
  4 orc wizards
  An iguana (D:6)
  2 worker ants (D:4)
  A worker ant zombie (D:5)
  10 adders
  4 shadow imps
  An ooze (D:5)
  4 worms
  5 leopard geckos
  11 orcs
  6 bats
  8 giant cockroaches
  18 goblins
  14 hobgoblins
  9 jackals
  12 kobolds
  2 quokkas
  A ball python (D:3)
  7 frilled lizards
  5 rats
  A plant (D:8)
173 creatures vanquished.

Vanquished Creatures (others)
  10 plants (D:8)
10 creatures vanquished.

Grand Total: 183 creatures vanquished

Notes
Turn   | Place    | Note
-------+----------+-------------------------------------------
     0 | D:1      | solxrula the Troll Berserker began the quest for the Orb.
     0 | D:1      | Reached XP level 1. HP: 22/22 MP: 0/0
   152 | D:1      | Reached skill level 3 in Maces & Flails
   205 | D:1      | Reached XP level 2. HP: 24/29 MP: 1/1
  1009 | D:2      | Found an iron altar of Okawaru.
  1037 | D:2      | Reached XP level 3. HP: 36/36 MP: 2/2
  1287 | D:2      | Reached ** piety under Trog
  1298 | D:2      | Found an ornate altar of the Wu Jian Council.
  1352 | D:2      | Reached skill level 4 in Maces & Flails
  1498 | D:2      | Reached XP level 4. HP: 35/44 MP: 3/3
  1911 | D:3      | Found a snail-covered altar of Cheibriados.
  1938 | D:3      | Found a hide-covered altar of Uskayaw.
  2112 | D:3      | Found a glowing drain.
  2130 | D:3      | Found a blossoming altar of Fedhas.
  2159 | D:3      | Noticed dracfodder's ghost (amateur GnAM)
  2184 | D:3      | Killed dracfodder's ghost
  2184 | D:3      | Reached skill level 5 in Maces & Flails
  2184 | D:3      | Reached XP level 5. HP: 26/53 MP: 4/4
  2184 | D:3      | Reached XP level 6. HP: 30/61 MP: 5/5
  2267 | D:3      | Found a glowing silver altar of Zin.
  2268 | D:3      | Found a shattered altar of Ashenzari.
  2397 | D:3      | Reached skill level 6 in Maces & Flails
  2660 | D:4      | Reached *** piety under Trog
  2798 | D:4      | Found Ibrohapo's Jewellery Shop.
  2856 | D:4      | Found a runed door.
  3020 | D:4      | Found a glowing golden altar of the Shining One.
  3045 | D:4      | Found a staircase to the Ecumenical Temple.
  3085 | D:4      | Reached XP level 7. HP: 56/67 MP: 6/6
  3133 | D:4      | Reached skill level 7 in Maces & Flails
  3548 | D:4      | Noticed Crazy Yiuf
  3555 | D:4      | Killed Crazy Yiuf
  3597 | D:5      | Entered Level 5 of the Dungeon
  3642 | D:5      | Received a gift from Trog
  3659 | D:5      | Found Xuixolud's Jewellery Boutique.
  3842 | D:5      | Found a sand-covered staircase.
  3869 | D:5      | Noticed Grinder
  3892 | D:5      | Paralysed by Grinder for 2 turns
  3902 | D:5      | Killed Grinder
  3902 | D:5      | Reached skill level 8 in Maces & Flails
  3902 | D:5      | Reached XP level 8. HP: 23/78 MP: 7/7
  3967 | D:5      | Got a fine mace
  3968 | D:5      | Identified the +4 mace of Fighting Over It {crush, rF+ Dex+3} (You found it on level 5 of the Dungeon)
  4280 | D:5      | Reached **** piety under Trog
  4282 | D:5      | Reached skill level 9 in Maces & Flails
  4612 | D:6      | Found a burning altar of Makhleb.
  4761 | D:6      | Found a white marble altar of Elyvilon.
  5412 | D:7      | Noticed a hippogriff
  5430 | D:7      | Killed a hippogriff
  5430 | D:7      | Reached skill level 10 in Maces & Flails
  5757 | D:7      | Reached XP level 9. HP: 85/85 MP: 8/8
  5981 | D:8      | Noticed a two-headed ogre
  5993 | D:8      | Killed a two-headed ogre
  5993 | D:8      | Reached skill level 11 in Maces & Flails
  6116 | D:8      | Reached skill level 5 in Fighting
  6280 | D:8      | Reached skill level 12 in Maces & Flails
  6349 | D:8      | Slain by a dream sheep

Vault maps used:
D:1:      sevenhm_arrival_forest_fort_small_4, hangedman_decor_slide_cut,
          lemuel_flame_loot_1
D:2:      nicolae_overflow_hidden_temple, okawaru_ov_weapons_minmay,
          kennysheep_generic_room_7
D:3:      cheibrodos_greedy_goblins, eat_drink_and_be_merry_uskayaw,
          lemuel_crystal_altar, gammafunk_temple_overflow_statue,
          portal_sewer_entry_a, fedhas_altar_2
D:4:      tso_metal_star, temple_doors_e, serial_shops, kennysheep_little_box,
          uniq_crazy_yiuf_cottage
D:5:      first_ration, chequers_ossuary_entry_cave, serial_shops, shop,
          uniq_grinder
D:6:      nicolae_overflow_crystal_walls, elyvilon_altar_4
D:8:      marbit_many_paths, serial_bayou, serial_bayou_pond_a,
          serial_bayou_crossing, serial_bayou_ford_a, serial_bayou_lagoon_a,
          serial_bayou_shore_a, hangedman_ranch

Skill      XL: |  1  2  3  4  5  6  7  8  9 |
---------------+----------------------------+-----
Maces & Flails | 3 4 5 6 8 10 12 | 12.2
Fighting       | 3 4 5 |  5.2
Dodging        | |  2.4

Action                   |  1- 3 |  4- 6 |  7- 9 || total
-------------------------+-------+-------+-------++-------
Melee: Mace              |   138 |   190 |   332 ||   660
Throw: Tomahawk          |       |       |     3 ||     3
Invok: Berserk           |       |     2 |     3 ||     5
  Use: Potion            |     5 |     1 |     3 ||     9
       Scroll            |     1 |     7 |     9 ||    17
  Eat: Chunk             |    17 |    18 |    30 ||    65
       Ration            |       |       |     1 ||     1
Armor: Animal skin       |    72 |    46 |    92 ||   210
Dodge: Dodged            |    89 |    71 |   198 ||   358
Block: Other             |       |       |    18 ||    18

Table legend:
 A = Spawn XP
 B = Non-spawn XP
 C = Spawn XP percentage of total XP
 D = Spawn monster count
 E = Non-spawn monster count
 F = Spawn count percentage of total count
 G = Total turns spent on level
                    A         B        C        D         E        F      G
               +---------+---------+-------+---------+---------+-------+---------
         Total |       0 |    5480 |   0.0 |       0 |     172 |   0.0 |  6349
               +---------+---------+-------+---------+---------+-------+---------
           D:1 |       0 |      24 |   0.0 |       0 |      15 |   0.0 |   906
           D:2 |       0 |      88 |   0.0 |       0 |      23 |   0.0 |   920
           D:3 |       0 |     340 |   0.0 |       0 |      35 |   0.0 |   752
           D:4 |       0 |     556 |   0.0 |       0 |      30 |   0.0 |  1048
           D:5 |       0 |     925 |   0.0 |       0 |      20 |   0.0 |   818
           D:6 |       0 |     192 |   0.0 |       0 |       4 |   0.0 |   837
           D:7 |       0 |     809 |   0.0 |       0 |      13 |   0.0 |   699
           D:8 |       0 |    2546 |   0.0 |       0 |      32 |   0.0 |   369
               +---------+---------+-------+---------+---------+-------+---------
